PAAA
BANGOR TRIDENT BASE OGRES @ NAPERVILLE BATTLEKINGS
08/09/2024
 
TOP OF THE 1ST
Bangor Trident Base Ogres batting - Pitching for Naperville Battlekings : RHP Mauro Guzmán
Pitching: RHP Mauro Guzmán
Batting: RHB Joe Runyon 0-0: Ball
1-0: Swinging Strike
1-1: SINGLE (Line Drive, 4D)
Batting: RHB Sang-yeon Kim 0-0: Ball
1-0: Foul Ball, location: 2F
1-1: Ball
2-1: Foul Ball, location: 2F
2-2: Ball
3-2: Fly out, F7 (Popup, 78S)
Batting: LHB Ned Durand 0-0: Swinging Strike
0-1: Ball
1-1: Ball
2-1: Ball
3-1: Base on Balls
Joe Runyon to second
Batting: RHB Augusto Rocha 0-0: Grounds into double play, 5-4-3 (Groundball, 5)
Top of the 1st over - 0 run(s), 1 hit(s), 0 error(s), 1 left on base; Bangor Trident Base 0 - Naperville 0
BOTTOM OF THE 1ST
Naperville Battlekings batting - Pitching for Bangor Trident Base Ogres : RHP Grant White
Pitching: RHP Grant White
Batting: RHB Matt Love 0-0: Called Strike
0-1: SINGLE (Flyball, 7S)
Batting: LHB Naohiro Sakai 0-0: Ball
1-0: Grounds into double play, U4-3 (Groundball, 4M)
Batting: RHB António Guzmán 0-0: Ball
1-0: Called Strike
1-1: Swinging Strike
1-2: Foul Ball, location: 2F
1-2: Strikes out swinging
Bottom of the 1st over - 0 run(s), 1 hit(s), 0 error(s), 0 left on base; Bangor Trident Base 0 - Naperville 0
TOP OF THE 2ND
Bangor Trident Base Ogres batting - Pitching for Naperville Battlekings : RHP Mauro Guzmán
Batting: RHB Gerardo Castillo 0-0: Swinging Strike
0-1: Ball
1-1: Fly out, F7 (Flyball, 78S)
Batting: RHB Hubert Dodson 0-0: Ball
1-0: Ball
2-0: Ball
3-0: Base on Balls
Batting: LHB Kent Roberts 0-0: Called Strike
0-1: Foul Ball, location: 2F
0-2: Ball
1-2: Foul Ball, location: 2F
1-2: Ball
2-2: Fly out, F9 (Flyball, 89M)
Batting: RHB Tom Baker 0-0: Ball
1-0: SINGLE (Groundball, 56)
Hubert Dodson to second
Batting: SHB Bill Becker 0-0: Ball
1-0: Swinging Strike
1-1: Ball
2-1: SINGLE (Groundball, 4M)
Hubert Dodson to third
Tom Baker to second
Runner from 3rd tries for Home, SAFE, no throw or cutoff
Batting: RHB Joe Runyon 0-0: Ball
1-0: Ball
2-0: Ball
3-0: Called Strike
3-1: Called Strike
3-2: Foul Ball, location: 2F
3-2: 3-RUN HOME RUN (Flyball, 78XD), Distance : 394 ft
Batting: RHB Sang-yeon Kim 0-0: Ball
1-0: Ball
2-0: Foul Ball, location: 2F
2-1: Fly out, F7 (Popup, 78S)
Top of the 2nd over - 4 run(s), 3 hit(s), 0 error(s), 0 left on base; Bangor Trident Base 4 - Naperville 0
BOTTOM OF THE 2ND
Naperville Battlekings batting - Pitching for Bangor Trident Base Ogres : RHP Grant White
Batting: RHB Jorge Baker 0-0: Called Strike
0-1: Ball
1-1: Ground out 5-3 (Groundball, 56S)
Batting: LHB Cristo Ramírez 0-0: Called Strike
0-1: Ball
1-1: Ball
2-1: Foul Ball, location: 2F
2-2: Foul Ball, location: 2F
2-2: Ball
3-2: SOLO HOME RUN (Flyball, 9D), Distance : 368 ft
Batting: RHB Ray Porch 0-0: Foul Ball, location: 2F
0-1: Ball
1-1: Fly out, F8 (Flyball, 8RM)
Batting: LHB Joe Cashmore 0-0: Called Strike
0-1: Swinging Strike
0-2: Ball
1-2: Strikes out swinging
Bottom of the 2nd over - 1 run(s), 1 hit(s), 0 error(s), 0 left on base; Bangor Trident Base 4 - Naperville 1
TOP OF THE 3RD
Bangor Trident Base Ogres batting - Pitching for Naperville Battlekings : RHP Mauro Guzmán
Batting: LHB Ned Durand 0-0: Ball
1-0: Foul Ball, location: 2F
1-1: Ball
2-1: DOUBLE (Groundball, 3L)
Batting: RHB Augusto Rocha 0-0: Foul Ball, location: 2F
0-1: Ball
1-1: Ball
2-1: Ball
3-1: Base on Balls
Batting: RHB Gerardo Castillo 0-0: Ball
1-0: SINGLE (Groundball, 4M)
Ned Durand to third
Augusto Rocha to second
Batting: RHB Hubert Dodson 0-0: Ball
1-0: Called Strike
1-1: SINGLE (Groundball, 4M)
Ned Durand scores
Augusto Rocha to third
Gerardo Castillo to second
Batting: LHB Kent Roberts 0-0: Swinging Strike
0-1: Ball
1-1: Swinging Strike
1-2: Foul Ball, location: 2F
1-2: Ball
2-2: Ball
3-2: Strikes out swinging
Batting: RHB Tom Baker 0-0: Ball
1-0: Called Strike
1-1: DOUBLE (Line Drive, 9LM)
Augusto Rocha scores
Gerardo Castillo scores
Hubert Dodson to third
Runner from 3rd tries for Home, SAFE, no throw or cutoff
Pitching: LHP Dusty Muhidini
Batting: SHB Bill Becker 0-0: Fly out, F7 (Line Drive, 78S)
Batting: RHB Joe Runyon 0-0: Ball
1-0: Fly out, F7 (Line Drive, 7M)
Top of the 3rd over - 4 run(s), 4 hit(s), 0 error(s), 1 left on base; Bangor Trident Base 8 - Naperville 1
BOTTOM OF THE 3RD
Naperville Battlekings batting - Pitching for Bangor Trident Base Ogres : RHP Grant White
Batting: SHB Daryl Lloyd 0-0: Ball
1-0: Called Strike
1-1: Ball
2-1: Called Strike
2-2: Ball
3-2: Foul Ball, location: 2F
3-2: Fly out, F8 (Flyball, 8LD)
Batting: RHB Joe Ferneyhough 0-0: Ground out 4-3 (Groundball, 4)
Batting: RHB Matt Love 0-0: Called Strike
0-1: Swinging Strike
0-2: Strikes out swinging
Bottom of the 3rd over - 0 run(s), 0 hit(s), 0 error(s), 0 left on base; Bangor Trident Base 8 - Naperville 1
TOP OF THE 4TH
Bangor Trident Base Ogres batting - Pitching for Naperville Battlekings : LHP Dusty Muhidini
Batting: RHB Sang-yeon Kim 0-0: Called Strike
0-1: Ball
1-1: Ball
2-1: Ball
3-1: SOLO HOME RUN (Flyball, 7D), Distance : 361 ft
Batting: LHB Ned Durand 0-0: Foul Ball, location: 2F
0-1: Foul Ball, location: 2F
0-2: Ball
1-2: Ball
2-2: Strikes out looking
Batting: RHB Augusto Rocha 0-0: Ball
1-0: Fly out, F7 (Flyball, 7S)
Batting: RHB Gerardo Castillo 0-0: Ball
1-0: Called Strike
1-1: Fly out, F7 (Flyball, 78D)
Top of the 4th over - 1 run(s), 1 hit(s), 0 error(s), 0 left on base; Bangor Trident Base 9 - Naperville 1
BOTTOM OF THE 4TH
Naperville Battlekings batting - Pitching for Bangor Trident Base Ogres : RHP Grant White
Batting: LHB Naohiro Sakai 0-0: Called Strike
0-1: Swinging Strike
0-2: Ground out 4-3 (Groundball, 4)
Batting: RHB António Guzmán 0-0: Called Strike
0-1: Ground out 6-3 (Groundball, 6)
Batting: RHB Jorge Baker 0-0: Called Strike
0-1: Foul Ball, location: 2F
0-2: Ball
1-2: SINGLE (Line Drive, 56)
Batting: LHB Cristo Ramírez 0-0: Ball
1-0: Ball
2-0: SINGLE (Groundball, 13) (infield hit)
Jorge Baker to second
Batting: RHB Ray Porch 0-0: Foul Ball, location: 2F
0-1: Swinging Strike
0-2: Foul Ball, location: 2F
0-2: Ball
1-2: Ball
2-2: SINGLE (Groundball, 4D)
Jorge Baker to third
Cristo Ramírez to second
Runner from 3rd tries for Home, SAFE, no throw or cutoff
Batting: LHB Joe Cashmore 0-0: Ball
1-0: Ball
2-0: Ball
3-0: Base on Balls
Cristo Ramírez to third
Ray Porch to second
Batting: SHB Daryl Lloyd 0-0: Swinging Strike
0-1: Foul Ball, location: 2F
0-2: Ball
1-2: Ball
2-2: Strikes out swinging
Bottom of the 4th over - 1 run(s), 3 hit(s), 0 error(s), 3 left on base; Bangor Trident Base 9 - Naperville 2
TOP OF THE 5TH
Bangor Trident Base Ogres batting - Pitching for Naperville Battlekings : LHP Dusty Muhidini
Batting: RHB Hubert Dodson 0-0: Foul Ball, location: 2F
0-1: Ground out 6-3 (Groundball, 6)
Batting: LHB Kent Roberts 0-0: Ball
1-0: Swinging Strike
1-1: Foul Ball, location: 2F
1-2: Ball
2-2: Foul Ball, location: 2F
2-2: SINGLE (Line Drive, 4D)
Batting: RHB Tom Baker 0-0: Ball
1-0: Ball
2-0: DOUBLE (Line Drive, 7LS)
Kent Roberts to third
Runner from 3rd tries for Home, SAFE, no throw or cutoff
Batting: SHB Bill Becker 0-0: Ball
1-0: Ground out 6-3 (Groundball, 6M)
Tom Baker to third
Batting: RHB Joe Runyon 0-0: Called Strike
0-1: Swinging Strike
0-2: Ball
1-2: Foul Ball, location: 2F
1-2: Fly out, F3 (Popup, 3F)
Top of the 5th over - 1 run(s), 2 hit(s), 0 error(s), 1 left on base; Bangor Trident Base 10 - Naperville 2
BOTTOM OF THE 5TH
Naperville Battlekings batting - Pitching for Bangor Trident Base Ogres : RHP Grant White
Batting: RHB Joe Ferneyhough 0-0: Foul Ball, location: 2F
0-1: Fly out, F9 (Flyball, 89XD)
Batting: RHB Matt Love 0-0: Ball
1-0: Foul Ball, location: 2F
1-1: Swinging Strike
1-2: Ball
2-2: Strikes out looking
Batting: LHB Naohiro Sakai 0-0: Ball
1-0: Foul Ball, location: 2F
1-1: Ball
2-1: Foul Ball, location: 2F
2-2: Foul Ball, location: 2F
2-2: Fly out, F9 (Flyball, 89S)
Bottom of the 5th over - 0 run(s), 0 hit(s), 0 error(s), 0 left on base; Bangor Trident Base 10 - Naperville 2
TOP OF THE 6TH
Bangor Trident Base Ogres batting - Pitching for Naperville Battlekings : LHP Dusty Muhidini
Batting: RHB Sang-yeon Kim 0-0: Called Strike
0-1: Ball
1-1: DOUBLE (Groundball, 5L)
Batting: LHB Ned Durand 0-0: Ball
1-0: Called Strike
1-1: Foul Ball, location: 2F
1-2: Strikes out swinging
Batting: RHB Augusto Rocha 0-0: Foul Ball, location: 2F
0-1: Ball
1-1: DOUBLE (Line Drive, 5D)
Sang-yeon Kim scores
Pitching: RHP Waylon Anderson
Batting: RHB Gerardo Castillo 0-0: Ball
1-0: Ball
2-0: SINGLE (Line Drive, 4M)
Augusto Rocha to third
Runner from 3rd tries for Home, throw and OUT!
Batting: RHB Hubert Dodson 0-0: Called Strike
0-1: Foul Ball, location: 2F
0-2: Ball
1-2: Foul Ball, location: 2F
1-2: Foul Ball, location: 2F
1-2: Foul Ball, location: 2F
1-2: Ball
2-2: Ball
3-2: Fly out, F2 (Popup, 23F)
Top of the 6th over - 1 run(s), 3 hit(s), 0 error(s), 1 left on base; Bangor Trident Base 11 - Naperville 2
BOTTOM OF THE 6TH
Naperville Battlekings batting - Pitching for Bangor Trident Base Ogres : RHP Grant White
Batting: RHB António Guzmán 0-0: SINGLE (Flyball, 8RS)
Batting: RHB Jorge Baker 0-0: Ball
1-0: Ball
2-0: Ball
3-0: Called Strike
3-1: Foul Ball, location: 2F
3-2: Grounds into double play, 6-4-3 (Groundball, 6M)
Batting: LHB Cristo Ramírez 0-0: Ground out 4-3 (Groundball, 4M)
Bottom of the 6th over - 0 run(s), 1 hit(s), 0 error(s), 0 left on base; Bangor Trident Base 11 - Naperville 2
TOP OF THE 7TH
Bangor Trident Base Ogres batting - Pitching for Naperville Battlekings : RHP Waylon Anderson
Batting: LHB Kent Roberts 0-0: Ball
1-0: Foul Ball, location: 2F
1-1: Swinging Strike
1-2: SINGLE (Groundball, 34D)
Batting: RHB Tom Baker 0-0: Grounds into double play, U6-3 (Groundball, 6M)
Batting: SHB Bill Becker 0-0: Called Strike
0-1: Ground out 4-3 (Groundball, 4)
Top of the 7th over - 0 run(s), 1 hit(s), 0 error(s), 0 left on base; Bangor Trident Base 11 - Naperville 2
BOTTOM OF THE 7TH
Naperville Battlekings batting - Pitching for Bangor Trident Base Ogres : RHP Grant White
Batting: RHB Ray Porch 0-0: Foul Ball, location: 2F
0-1: Foul Ball, location: 2F
0-2: Foul Ball, location: 2F
0-2: Foul Ball, location: 2F
0-2: Ball
1-2: Ball
2-2: Ground out 4-3 (Groundball, 13)
Batting: LHB Joe Cashmore 0-0: Called Strike
0-1: Ground out 2-3 (Groundball, 2R)
Batting: SHB Daryl Lloyd 0-0: Ball
1-0: Ball
2-0: SINGLE (Line Drive, 78M)
Batting: RHB Joe Ferneyhough 0-0: Ball
1-0: Foul Ball, location: 2F
1-1: Called Strike
1-2: Strikes out swinging
Bottom of the 7th over - 0 run(s), 1 hit(s), 0 error(s), 1 left on base; Bangor Trident Base 11 - Naperville 2
TOP OF THE 8TH
Bangor Trident Base Ogres batting - Pitching for Naperville Battlekings : RHP Waylon Anderson
Batting: RHB Joe Runyon 0-0: Ball
1-0: Foul Ball, location: 2F
1-1: SINGLE (Groundball, 13S) (infield hit)
Batting: RHB Sang-yeon Kim 0-0: Bunt missed!
0-1: Bunt missed!
0-2: Foul Ball, location: 2F
0-2: Ball
1-2: Foul Ball, location: 2F
1-2: Ball
2-2: Foul Ball, location: 2F
2-2: Ball
3-2: Base on Balls
Joe Runyon to second
Batting: LHB Ned Durand 0-0: Called Strike
0-1: Ball
Wild Pitch!
Joe Runyon to third
Sang-yeon Kim to second
1-1: Foul Ball, location: 2F
1-2: SINGLE (Groundball, 4MD) (infield hit)
Joe Runyon scores
Sang-yeon Kim to third
Batting: RHB Augusto Rocha 0-0: Ball
1-0: Fly out, F8 (Line Drive, 8LM)
Runner from 3rd tags up, SCORES, throw made
Batting: RHB Gerardo Castillo 0-0: Ball
1-0: Ball
2-0: Ball
3-0: Called Strike
3-1: Base on Balls
Ned Durand to second
Pitching: RHP David Francisco
Batting: RHB Hubert Dodson 0-0: Ball
1-0: Ball
2-0: Fly out, F7 (Flyball, 78XD)
Runner from 2nd tags up, SAFE at 3rd, no throw
Pinch Hitting: RHB Jim Unknown 0-0: Ball
1-0: Called Strike
1-1: Fly out, F4 (Popup, 3D)
Top of the 8th over - 2 run(s), 2 hit(s), 0 error(s), 2 left on base; Bangor Trident Base 13 - Naperville 2
BOTTOM OF THE 8TH
Naperville Battlekings batting - Pitching for Bangor Trident Base Ogres : RHP Grant White
Now at 3B: Jim Unknown
Batting: RHB Matt Love 0-0: Ball
1-0: Foul Ball, location: 2F
1-1: SOLO HOME RUN (Flyball, 78XD), Distance : 396 ft
Batting: LHB Naohiro Sakai 0-0: Ball
1-0: Foul Ball, location: 2F
1-1: Fly out, F7 (Flyball, 78M)
Pitching: RHP Joel Harris
Batting: RHB António Guzmán 0-0: Ball
1-0: Called Strike
1-1: Swinging Strike
1-2: Strikes out looking
Batting: RHB Jorge Baker 0-0: Ball
1-0: Ball
2-0: Ball
3-0: Called Strike
3-1: Foul Ball, location: 2F
3-2: Base on Balls
Batting: LHB Cristo Ramírez 0-0: Ball
1-0: Fielders Choice at 2nd, U6 (Groundball, 6M)
Bottom of the 8th over - 1 run(s), 1 hit(s), 0 error(s), 1 left on base; Bangor Trident Base 13 - Naperville 3
TOP OF THE 9TH
Bangor Trident Base Ogres batting - Pitching for Naperville Battlekings : RHP David Francisco
Batting: RHB Tom Baker 0-0: Ball
1-0: Foul Ball, location: 2F
1-1: Foul Ball, location: 2F
1-2: Ball
2-2: Ground out 5-3 (Groundball, 56)
Batting: SHB Bill Becker 0-0: Foul Ball, location: 2F
0-1: Fly out, F9 (Flyball, 9M)
Batting: RHB Joe Runyon 0-0: Fly out, F6 (Line Drive, 6)
Top of the 9th over - 0 run(s), 0 hit(s), 0 error(s), 0 left on base; Bangor Trident Base 13 - Naperville 3
BOTTOM OF THE 9TH
Naperville Battlekings batting - Pitching for Bangor Trident Base Ogres : RHP Joel Harris
Now in LF: Matías Torrella
Batting: RHB Ray Porch 0-0: Ball
1-0: Ball
2-0: Ball
3-0: Called Strike
3-1: Foul Ball, location: 2F
3-2: Foul Ball, location: 2F
3-2: Foul Ball, location: 2F
3-2: Base on Balls
Batting: LHB Joe Cashmore 0-0: Ball
1-0: Grounds into double play, 4-6-3 (Groundball, 4)
Batting: SHB Daryl Lloyd 0-0: Ball
1-0: Ball
2-0: Called Strike
2-1: Called Strike
2-2: Foul Ball, location: 2F
2-2: Ball
3-2: Strikes out swinging
Bottom of the 9th over - 0 run(s), 0 hit(s), 0 error(s), 0 left on base; Bangor Trident Base 13 - Naperville 3
This league is powered by Out of the Park Baseball, the baseball management simulation game for PC, Mac and Linux
Monday, October 3rd, 2016 - OOTP Baseball 16.9 Build 39